 Dungeon Crawl Stone Soup version 0.30.1-3-gfc49f6343a (webtiles) character file.

Game seed: 13020904053635965032

2027 booth the Ducker (level 9, -2/56 HPs)
             Began as a Djinni Fire Elementalist on July 26, 2023.
             Slain by an orc warrior
             ... wielding a +0 mace
              (8 damage)
             ... on level 6 of the Dungeon.
             The game lasted 00:50:14 (6634 turns).

booth the Ducker (Djinni Fire Elementalist)         Turns: 6634, Time: 00:50:14

Health: -2/56      AC:  7    Str:  9    XL:     9   Next: 47%
Gold:   199        EV: 16    Int: 19    God:
                   SH:  0    Dex: 16

rFire   + + .        f - +2 short sword (protect)
rCold   x . .        (no shield)
rNeg    . . .        r - +2 robe
rPois   ∞            (no helmet)
rElec   .            n - +2 cloak
rCorr   .            (no gloves)
SInv    .            (boots unavailable)
Will    .....        (no amulet)
Stlth   ++++         (no ring)
HPRegen 0.29/turn    (no ring)
MPRegen 0.00/turn

%: infuse magic (-3 HP)
@: flying
A: sickness immunity, fire resistance 2, cold vulnerability 1, float, innate
caster, HP casting, extra vitality 1, thin skeletal structure 1, wild magic 1
a: no special abilities


You were on level 6 of the Dungeon.
You visited 1 branch of the dungeon, and saw 6 of its levels.
You also visited: Sewer.

You collected 274 gold pieces.
You spent 75 gold pieces at shops.

Inventory:

Hand Weapons
 f - a +2 short sword of protection (weapon)
 k - a +0 mace of protection
 l - a +3 hand axe
 q - a +1 whip of freezing
 u - a +2 dagger of electrocution
 x - a +2 flail of holy wrath
Missiles
 e - 2 boomerangs (quivered)
 h - a poisoned dart
Armour
 g - a scarf of repulsion
 n - a +2 cloak (worn)
 r - a +2 robe (worn)
Wands
 i - a wand of mindburst (1)
 m - a wand of charming (3)
Scrolls
 j - 2 scrolls of fog
 t - a scroll of blinking
 w - a scroll of teleportation {unknown}
Potions
 a - a potion of curing
 b - 3 potions of attraction
 c - a potion of ambrosia
 d - a potion of resistance {unknown}
 o - a potion of flight {unknown}
 p - a potion of lignification
 v - a potion of might


   Skills:
 * Level 0.8 Fighting
 + Level 0.2 Maces & Flails
 + Level 7.7 Dodging
 + Level 6.3 Stealth
 * Level 5.7 Spellcasting


You knew the following spells:

 Your Spells              Type           Power      Damage    Failure   Level
a - Foxfire               Conj/Fire      100%       2x1d9     2%          1
b - Scorch                Fire           70%        2d7       3%          2
c - Volatile Blastmotes   Fire/Tloc      70%        2d15      5%          3
d - Inner Flame           Hex/Fire       35%        N/A       5%          3
e - Flame Wave            Conj/Fire      35%        2d10      16%         4
f - Beastly Appendage     Tmut           70%        N/A       2%          1
g - Blink                 Tloc           70%        N/A       3%          2
h - Stone Arrow           Conj/Erth      70%        3d11      5%          3
i - Ignite Poison         Fire/Tmut/Pois 35%        N/A       5%          3
Your spell library was empty.

Dungeon Overview and Level Annotations

Branches:
Dungeon (6/15)              Sewer (visited)
 Temple: D:4-7

Altars:
Cheibriados

Shops:
D:2 :   D:3 *


Innate Abilities, Weirdness & Mutations

You are immune to sickness and miasma.
You are immune to poison.
Your flesh is very heat resistant. (rF++)
You are vulnerable to cold. (rC-)
You float through the air rather than walking.
You learn spells naturally, not from books.
Your magical power is your life essence.
You have superior vitality. (+4 MHP)
You have a somewhat thin skeletal structure. (Dex +2, Stealth+)
Your spells are a little harder to cast, but a little more powerful.


Message History

The orc warrior is heavily wounded.
The orc warrior closely misses you.
Throw: 2 boomerangs
Press: ? - help, Q - select action, (/) - cycle Shift-Dir - straight line, f/p - orc warrior
Aim: an orc warrior, wielding a +0 mace, wearing a +0 chain mail and quivering boomerangs (heavily wounded, more vulnerable to fire, 55% to hit)
You throw a boomerang.
The boomerang barely misses the orc warrior.
The boomerang barely misses the adder.
The orc warrior barely misses you.
Throw: 2 boomerangs
Press: ? - help, Q - select action, (/) - cycle Shift-Dir - straight line, f/p - orc warrior
Aim: an orc warrior, wielding a +0 mace, wearing a +0 chain mail and quivering boomerangs (heavily wounded, more vulnerable to fire, 55% to hit)
You throw a boomerang.
The boomerang hits the orc warrior but does no damage.
The orc warrior is heavily wounded.
The orc warrior is no longer more vulnerable to fire.
The orc warrior barely misses you. x2
Throw: 2 boomerangs
Press: ? - help, Q - select action, (/) - cycle Shift-Dir - straight line, f/p - orc warrior
Aim: an orc warrior, wielding a +0 mace, wearing a +0 chain mail and quivering boomerangs (heavily wounded, 55% to hit)
You throw a boomerang.
The boomerang closely misses the orc warrior.
The boomerang misses the adder.
The orc warrior misses you.
Throw: 2 boomerangs
Press: ? - help, Q - select action, (/) - cycle Shift-Dir - straight line, f/p - orc warrior
Aim: an orc warrior, wielding a +0 mace, wearing a +0 chain mail and quivering boomerangs (heavily wounded, 55% to hit)
You throw a boomerang.
The boomerang closely misses the orc warrior.
The boomerang misses the adder.
The orc warrior closely misses you.
Throw: 2 boomerangs
Press: ? - help, Q - select action, (/) - cycle Shift-Dir - straight line, f/p - orc warrior
Aim: an orc warrior, wielding a +0 mace, wearing a +0 chain mail and quivering boomerangs (heavily wounded, 55% to hit)
You throw a boomerang.
The boomerang barely misses the orc warrior.
The boomerang barely misses the adder.
The orc warrior closely misses you.
The orc warrior hits you with a +0 mace!
You die...

#. #. #.########
())).So@# ..)####.# #.
##.##
..##.#.###...###########
.....>...).............#
......####...####.####.#
o#### ##.#####.#
#.......# #..######


You could see an orc warrior and an adder.

Vanquished Creatures
  Pikel (D:5)
  Grinder (D:5)
  Eustachio (D:5)
  Menkaure (D:5)
  Edmund (D:5)
  A black bear (D:3)
  Pargi (Sewer)
  An ogre (D:5)
  A centaur (D:6)
  A lemure (D:5)
  A scorpion (D:5)
  A jelly (D:4)
  2 orc priests
  Ijyb (D:3)
  3 hounds
  2 iguanas
  4 orc wizards
  5 adders
  An ufetubus (D:5)
  A worm (D:3)
  3 dart slugs
  23 orcs
  4 ball pythons
  4 endoplasms
  3 giant cockroaches
  8 goblins
  10 hobgoblins
  6 jackals
  9 bats
  7 frilled lizards
  10 kobolds
  4 rats
122 creatures vanquished.

Vanquished Creatures (collateral kills)
  An orc priest (D:5)
1 creature vanquished.

Vanquished Creatures (others)
  An orc wizard (D:3)
  177 foxfires
178 creatures vanquished.

Grand Total: 301 creatures vanquished

Notes
Turn   | Place    | Note
-------+----------+-------------------------------------------
     0 | D:1      | booth the Djinni Fire Elementalist began the quest for the
                  | Orb.
     0 | D:1      | booth set off with the following spells memorised: Foxfire,
                  | Scorch, Volatile Blastmotes, Inner Flame, Flame Wave.
     0 | D:1      | Reached XP level 1. HP: 15/15 MP: 0/0
   284 | D:1      | Reached XP level 2. HP: 18/21 MP: 0/0
   579 | D:1      | Reached XP level 3. HP: 25/25 MP: 0/0
   579 | D:1      | Learned a level 1 spell: Beastly Appendage
   951 | D:2      | Reached skill level 3 in Dodging
   974 | D:2      | Noticed a walking frostbound tome
   980 | D:2      | Found Iruweamu's Book Shop.
   981 | D:2      | Noticed a walking frostbound tome
   998 | D:2      | Reached XP level 4. HP: 28/31 MP: 0/0
  1213 | D:2      | Found a faded altar of an unknown god.
  1721 | D:2      | Reached XP level 5. HP: 31/35 MP: 0/0
  1721 | D:2      | Learned a level 2 spell: Blink
  2029 | D:3      | Found a glowing drain.
  2049 | Sewer    | Entered a sewer
  2123 | Sewer    | Noticed Pargi
  2140 | Sewer    | Killed Pargi
  2141 | Sewer    | Reached skill level 4 in Dodging
  2141 | Sewer    | Reached XP level 6. HP: 20/40 MP: 0/0
  2412 | D:3      | Noticed a black bear
  2449 | D:3      | Killed a black bear
  2468 | D:3      | Noticed Ijyb
  2517 | D:3      | HP: 1/40 [Ijyb/+0 dagger (2)]
  2519 | D:3      | Killed Ijyb
  2520 | D:3      | Reached XP level 7. HP: 1/45 MP: 0/0
  2520 | D:3      | Learned a level 3 spell: Stone Arrow
  2804 | D:3      | Found Ulyebruw's General Store.
  2814 | D:3      | Bought a scroll of enchant weapon for 75 gold pieces
  3850 | D:4      | Reached skill level 5 in Dodging
  4554 | D:4      | Gained mutation: You have a somewhat thin skeletal
                  | structure. (Dex +2, Stealth+) [potion of mutation]
  4554 | D:4      | Gained mutation: Your spells are a little harder to cast,
                  | but a little more powerful. [potion of mutation]
  4593 | D:5      | Entered Level 5 of the Dungeon
  4701 | D:5      | Noticed Eustachio
  4756 | D:5      | Noticed Grinder
  4765 | D:5      | Killed Grinder
  4766 | D:5      | Reached XP level 8. HP: 42/50 MP: 0/0
  4837 | D:5      | Found a snail-covered altar of Cheibriados.
  4942 | D:5      | Noticed Pikel
  4977 | D:5      | Killed Pikel
  4978 | D:5      | Reached skill level 6 in Dodging
  4978 | D:5      | Reached skill level 5 in Stealth
  4978 | D:5      | Reached skill level 5 in Spellcasting
  4992 | D:5      | Reached XP level 9. HP: 9/55 MP: 0/0
  4992 | D:5      | Learned a level 3 spell: Ignite Poison
  5580 | D:5      | Reached skill level 7 in Dodging
  5610 | D:5      | Killed Eustachio
  6147 | D:5      | Noticed Menkaure
  6193 | D:5      | Killed Menkaure
  6279 | D:5      | Noticed Edmund
  6297 | D:5      | Killed Edmund
  6634 | D:6      | Slain by an orc warrior

Illustrated notes

Levels and vault maps discovered:
D:1:      erik_arrival_triangle_large, layout_basic, minivault_14
D:2:      layout_loops_ring, shapermc_ecumenical_altar_mp_vishouse,
          serial_shops, nicolae_shop_mannequins
D:3:      layout_basic, cheibrodos_sewer_entry_drain, serial_shops, shop,
          uniq_ijyb
D:4:      layout_loops_ring, serial_rivers, chequers_serial_rivers_marsh,
          chequers_serial_rivers_large_b, chequers_serial_rivers_large_a,
          chequers_serial_rivers_micro_d, chequers_serial_rivers_micro_d,
          chequers_serial_rivers_micro_c
D:5:      layout_basic, mainiacjoe_overflow_alcove_1, uniq_pikel, uniq_edmund,
          uniq_eustachio, uniq_grinder, uniq_menkaure
D:6:      layout_loops_ring, minmay_temple_entry_stoned_glass, serial_shops,
          nicolae_shop_hallway_stairs

Skill      XL: |  1  2  3  4  5  6  7  8  9 |
---------------+----------------------------+-----
Stealth        | 2 3 4 5 6 |  6.3
Dodging        | 3 4 5 6 7 |  7.7
Spellcasting   | 3 4 5 |  5.7
Fighting       | |  0.8
Maces & Flails | |  0.2

Action                     |  1- 3 |  4- 6 |  7- 9 || total
---------------------------+-------+-------+-------++-------
  Melee: Unarmed           |     5 |       |       ||     5
         Short sword       |    11 |    70 |   109 ||   190
         Dagger            |     5 |       |       ||     5
         Headbutt          |       |     2 |       ||     2
         Punch             |       |     1 |     4 ||     5
  Throw: Boomerang         |       |     1 |    25 ||    26
         Dart              |       |       |     2 ||     2
   Cast: Foxfire           |    35 |    34 |    35 ||   104
         Scorch            |     5 |    20 |    26 ||    51
         Beastly Appendage |       |     3 |       ||     3
         Volatile Blastmot |       |     2 |    16 ||    18
         Blink             |       |     2 |       ||     2
         Stone Arrow       |       |       |     4 ||     4
         Inner Flame       |       |       |     2 ||     2
  Evoke: Wand              |       |       |     1 ||     1
    Use: Scroll            |     5 |     3 |     5 ||    13
         Potion            |       |     5 |     6 ||    11
   Stab: Sleeping          |       |     1 |     2 ||     3
 Armour: Robe              |     8 |    29 |    38 ||    75
  Dodge: Dodged            |    20 |    47 |    86 ||   153
